 Dungeon Sprint DCSS version 0.23-a0-681-g26ad783 (webtiles) character file.

996 Lanoc the Carver (level 7, -16/71 HPs)
             Began as a Minotaur Monk on Jan 10, 2019.
             Was an Elder of Makhleb.
             Demolished by a skeletal warrior
             ... wielding a +4 glaive
              (17 damage)
             ... in the Dungeon (Sprint IX: "|||||||||||||||||||||||||||||").
             The game lasted 00:02:53 (559 turns).

Lanoc the Carver (Minotaur Monk)                     Turns: 559, Time: 00:02:53

Health: -16/71     AC: 12    Str: 17    XL:     7   Next: 99%
Magic:  6/8        EV: 14    Int: 13    God:    Makhleb [****..]
Gold:   0          SH:  0    Dex: 13    Spells: 6/6 levels left

rFire    . . .     SeeInvis .   n - +2 scimitar (holy)
rCold    . . .     Gourm    .   (no shield)
rNeg     . . .     Faith    .   q - +1 scale mail
rPois    .         Spirit   .   (helmet restricted)
rElec    .         Reflect  .   a - +0 cloak
rCorr    .         Harm     .   p - +0 pair of gloves
MR       .....     NoTele   +   (no boots)
Stlth    ..........             (no amulet)
HPRegen  0.21/turn              b - +3 ring of intelligence
MPRegen  0.11/turn              r - +3 ring of intelligence

@: no status effects
A: retaliatory headbutt, horns 2
a: Minor Destruction, Lesser Servant of Makhleb, Major Destruction, Renounce
Religion


You were in the Dungeon.
You worshipped Makhleb.
Makhleb was greatly pleased with you.
You were not hungry.

You visited 1 branch

Inventory:

Hand Weapons
 n - a +2 scimitar of holy wrath (weapon)
 o - a +3 war axe of flaming
Armour
 a - a +0 cloak (worn)
 p - a +0 pair of gloves (worn)
 q - a +1 scale mail (worn)
Jewellery
 b - a +3 ring of intelligence (left hand)
 r - a +3 ring of intelligence (right hand)
Wands
 m - a wand of acid (10)
Scrolls
 i - 2 scrolls of blinking
 k - 3 scrolls of remove curse
 l - 2 scrolls of amnesia
Potions
 d - 5 potions of curing
 f - a potion of haste
 g - 4 potions of magic
 h - a potion of invisibility
Comestibles
 c - a ration
 j - 9 chunks of flesh


   Skills:
 + Level 9.8 Fighting
 * Level 13.0 Long Blades
 + Level 9.0 Armour
 + Level 9.1 Dodging
 - Level 1.5 Stealth
 + Level 3.7 Invocations


You had 6 spell levels left.
You didn't know any spells.
Your spell library was empty.

Dungeon Overview and Level Annotations

Branches:
Dungeon (1/1)

Altars:
Cheibriados
Dithmenos
Elyvilon
Fedhas
Gozag
Hepliaklqana
Kikubaaqudgha
Makhleb
Nemelex Xobeh
Okawaru
Qazlal
Ru
Sif Muna
Trog
Uskayaw
Vehumet
Wu Jian
Xom
Yredelemnul
Zin
The Shining One
Beogh
Jiyva
Lugonu


Innate Abilities, Weirdness & Mutations

You reflexively headbutt those who attack you in melee.
You have a pair of horns on your head.


Message History

Makhleb accepts your kill.
You feel better.
Your Long Blades skill increases to level 13!
Your Armour skill increases to level 9!
Your Dodging skill increases to level 9!
Your Invocations skill increases to level 3!
The skeletal warrior hits you from afar with a +4 glaive.
The orc wizard mumbles some strange words.
The orc wizard blinks!
You barely miss the orc wizard. Your headbutt misses the orc wizard.
The orc wizard casts a spell.
The orc wizard blinks!
The skeletal warrior hits you with a +4 glaive!!
* * * LOW HITPOINT WARNING * * *
You see here 3 large rocks.
You hit the skeletal warrior but do no damage.
You headbutt the skeletal warrior.
The skeletal warrior is lightly damaged.
The skeletal warrior hits you with a +4 glaive!
You die... ▓▓▓▓▓▓▓▓▓▓▓▓▓▓▓▓▓▓▓▓▓▓▓ .|)..[.()(...o.'@z....+ ▓▓▓▓▓▓▓▓▓▓▓▓▓▓▓▓▓▓▓▓▓▓▓

You could see a skeletal warrior and an orc wizard.

Vanquished Creatures
  A cyclops (D)
  A slime creature (D)
  A yak (D)
  A sky beast (D)
  An ogre (D)
  A crimson imp (D)
  3 worker ants (D)
  A shadow imp (D)
  2 leopard geckos (D)
  2 orcs (D)
  A bat zombie (D)
  2 jackals (D)
  A frilled lizard (D)
  2 kobolds (D)
20 creatures vanquished.

Notes
Turn   | Place    | Note
-------+----------+-------------------------------------------
     0 | D        | Lanoc the Minotaur Monk began the quest for the Orb.
     0 | D        | Reached XP level 1. HP: 19/19 MP: 0/0
     4 | D        | Reached skill level 4 in Long Blades
     5 | D        | Reached skill level 1 in Armour
   102 | D        | Noticed an ogre
   102 | D        | Noticed a crimson imp
   102 | D        | Noticed a worker ant
   102 | D        | Noticed a worker ant
   110 | D        | Killed a crimson imp
   110 | D        | Reached skill level 5 in Fighting
   110 | D        | Reached skill level 6 in Long Blades
   110 | D        | Reached XP level 2. HP: 11/29 MP: 1/1
   110 | D        | Reached XP level 3. HP: 14/36 MP: 2/2
   111 | D        | Killed an ogre
   111 | D        | Reached skill level 8 in Long Blades
   111 | D        | Reached skill level 5 in Dodging
   111 | D        | Reached XP level 4. HP: 17/44 MP: 3/3
   113 | D        | Reached skill level 5 in Armour
   113 | D        | Reached XP level 5. HP: 20/51 MP: 4/4
   129 | D        | Found a roughly hewn altar of Beogh.
   129 | D        | Found a snail-covered altar of Cheibriados.
   129 | D        | Found a shadowy altar of Dithmenos.
   129 | D        | Found a white marble altar of Elyvilon.
   129 | D        | Found a blossoming altar of Fedhas.
   129 | D        | Found an opulent altar of Gozag.
   130 | D        | Found a hazy altar of Hepliaklqana.
   131 | D        | Found a viscous altar of Jiyva.
   132 | D        | Found an ancient bone altar of Kikubaaqudgha.
   133 | D        | Found a corrupted altar of Lugonu.
   134 | D        | Found a burning altar of Makhleb.
   135 | D        | Found a sparkling altar of Nemelex Xobeh.
   136 | D        | Found an iron altar of Okawaru.
   137 | D        | Found a stormy altar of Qazlal.
   138 | D        | Found a sacrificial altar of Ru.
   139 | D        | Found a deep blue altar of Sif Muna.
   140 | D        | Found a bloodstained altar of Trog.
   141 | D        | Found a hide-covered altar of Uskayaw.
   142 | D        | Found a radiant altar of Vehumet.
   143 | D        | Found an ornate altar of the Wu Jian Council.
   144 | D        | Found a shimmering altar of Xom.
   145 | D        | Found a basalt altar of Yredelemnul.
   150 | D        | Became a worshipper of Makhleb the Destroyer
   150 | D        | Reached * piety under Makhleb
   150 | D        | Reached ** piety under Makhleb
   155 | D        | Found a glowing silver altar of Zin.
   156 | D        | Found a glowing golden altar of the Shining One.
   363 | D        | Noticed a sky beast
   363 | D        | Noticed a yak
   368 | D        | Reached skill level 9 in Long Blades
   396 | D        | Killed a sky beast
   396 | D        | Reached *** piety under Makhleb
   396 | D        | Reached skill level 10 in Long Blades
   396 | D        | Reached XP level 6. HP: 33/61 MP: 5/5
   402 | D        | Killed a yak
   402 | D        | Reached skill level 11 in Long Blades
   534 | D        | Noticed a slime creature
   534 | D        | Noticed a cyclops
   534 | D        | Noticed a skeletal warrior
   547 | D        | Killed a slime creature
   547 | D        | Reached **** piety under Makhleb
   547 | D        | Reached skill level 12 in Long Blades
   547 | D        | Reached XP level 7. HP: 48/70 MP: 5/7
   556 | D        | Killed a cyclops
   556 | D        | Reached skill level 13 in Long Blades
   558 | D        | HP: 1/71 [skeletal warrior/+4 glaive (27)]
   559 | D        | Demolished by a skeletal warrior

Vault maps used:
D:        linesprint

Skill      XL: |  1  2  3  4  5  6  7 |
---------------+----------------------+-----
Long Blades    | 6 8 10 12 13 | 13.0
Armour         | 3 4 5 6 8 9 |  9.0
Fighting       | 5 6 7 9 |  9.8
Dodging        | 4 5 7 8 9 |  9.1
Invocations    | 2 3 |  3.7
Stealth        | |  1.5

Action                   |  1- 3 |  4- 6 |  7- 9 || total
-------------------------+-------+-------+-------++-------
Melee: Falchion          |    15 |     5 |       ||    20
       Headbutt          |     3 |    11 |     2 ||    16
       Scimitar          |       |    50 |     8 ||    58
  Use: Potion            |     1 |     1 |     2 ||     4
Armor: Robe              |     2 |       |       ||     2
       Scale mail        |       |    15 |     1 ||    16
Dodge: Dodged            |    10 |    20 |     6 ||    36
       Rpst.: Falchion   |     3 |     1 |       ||     4
       Scimitar          |       |     7 |     1 ||     8

Table legend:
 A = Non-vault XP
 B = Vault XP
 C = Vault XP percentage of total XP
 D = Non-vault monster count
 E = Vault monster count
 F = Vault count percentage of total count
                 A         B        C        D         E       F
            +---------+---------+-------+---------+---------+-------
      Total |       0 |    1423 | 100.0 |       0 |      20 | 100.0
            +---------+---------+-------+---------+---------+-------
          D |       0 |    1423 | 100.0 |       0 |      20 | 100.0
            +---------+---------+-------+---------+---------+-------
